 Dungeon Crawl Stone Soup version 0.26.1-2-gb8aa6d0cf2 (webtiles) character file.

Game seed: 11904647347776880285

59442 Amaterasu the Fencer (level 14, 121/121 HPs)
             Began as a Pale Draconian Ice Elementalist on Feb 27, 2021.
             Was an Initiate of Gozag.
             Quit the game on level 6 of the Lair of Beasts.
             The game lasted 00:48:08 (21900 turns).

Amaterasu the Fencer (DrIE)                        Turns: 21900, Time: 00:48:09

Health: 121/121    AC: 19    Str: 16    XL:     14   Next: 53%
Magic:  22/22      EV: 15    Int: 25    God:    Gozag
Gold:   3532       SH:  5    Dex: 11    Spells: 17/24 levels left

rFire    . . .     SeeInvis .   P - +9 sword of Zonguldrok {reap}
rCold    . . .     Faith    .   K - +0 buckler
rNeg     . . .     Spirit   .   (armour unavailable)
rPois    .         Reflect  .   M - +1 hat
rElec    .         Harm     .   m - +1 cloak
rCorr    .         Rampage  .   S - +0 pair of gloves {Str+3}
Will     +....                  E - +2 pair of boots
Stlth    ++........             N - amulet of regeneration
HPRegen  0.70/turn              J - +4 ring of protection
MPRegen  0.18/turn              l - +6 ring of intelligence

@: no status effects
A: breathe steam, unfitting armour, cold-blooded, AC +8
a: Breathe Steam, Renounce Religion, Potion Petition, Call Merchant, Bribe
Branch


You were on level 6 of the Lair of Beasts.
You worshipped Gozag.
Gozag was most pleased with you.
You visited 3 branches of the dungeon, and saw 18 of its levels.
You also visited: Sewer.

You collected 5604 gold pieces.
You spent 2000 gold pieces at shops.
You paid 72 gold pieces to Gozag.

Inventory:

Hand Weapons
 P - the +9 sword of Zonguldrok (weapon) {reap}
   (You bought it in a shop on level 10 of the Dungeon)

   If a monster killed with it leaves a corpse in good enough shape, the corpse
   is reanimated as a zombie friendly to the killer.
Armour
 m - a +1 cloak (worn)
 E - a +2 pair of boots (worn)
 K - a +0 buckler (worn)
 M - a +1 hat (worn)
 S - a +0 pair of gloves of strength (worn)
Jewellery
 d - an uncursed ring of willpower
 l - a +6 ring of intelligence (right hand)
 s - an uncursed ring of flight
 t - an uncursed ring of ice
 z - an uncursed ring of magical power
 H - an uncursed ring of protection from fire
 J - a +4 ring of protection (left hand)
 L - an uncursed ring of resist corrosion {unknown}
 N - an amulet of regeneration (around neck)
 O - an uncursed ring of protection from cold
 Q - a +4 ring of evasion {unknown}
 U - an uncursed ring of resist corrosion {unknown}
 X - a cursed -4 ring of strength {unknown}
 Z - a +6 ring of intelligence
Wands
 y - a wand of iceblast (14)
 C - a wand of digging (5)
 D - a wand of flame (30)
 R - a wand of paralysis (18)
 T - a wand of random effects (11)
 Y - a wand of acid (6)
Scrolls
 c - 3 scrolls of enchant armour
 e - 2 scrolls of amnesia
 g - 8 scrolls of teleportation
 i - 4 scrolls of magic mapping
 q - 11 scrolls of remove curse
 w - a scroll of enchant weapon
 x - 2 scrolls of fear
 A - a scroll of identify
 F - 2 scrolls of fog
Potions
 a - 3 potions of lignification
 b - 4 potions of flight
 f - 2 potions of resistance
 h - 5 potions of curing
 j - a potion of invisibility {unknown}
 k - 3 potions of ambrosia
 n - a potion of cancellation
 p - a potion of attraction {unknown}
 r - 4 potions of brilliance {unknown}
 u - 3 potions of might {unknown}
 v - 6 potions of heal wounds {unknown}
 B - 15 potions of degeneration
 G - 2 potions of haste
Miscellaneous
 o - a condenser vane
 I - a tin of tremorstones (2/2)
 V - a phial of floods


   Skills:
 * Level 10.2 Fighting
 - Level 16.0 Long Blades
 * Level 7.4 Dodging
 - Level 1.7 Stealth
 - Level 6.0 Shields
 - Level 7.9 Unarmed Combat
 * Level 5.8 Spellcasting
 - Level 10.0 Ice Magic
 * Level 6.4 Evocations


You had 17 spell levels left.
You knew the following spells:

 Your Spells              Type           Power        Failure   Level
a - Freeze                Ice            100%         1%          1
b - Frozen Ramparts       Ice            100%         1%          3
c - Ozocubu's Armour      Ice            55%          1%          3

Your spell library contained the following spells:

 Spells                   Type           Power        Failure   Level
 Animate Skeleton         Necr           14%          8%          1
 Magic Dart               Conj           28%          8%          1
 Pain                     Necr           28%          8%          1
 Hailstorm                Conj/Ice       32%          10%         4
 Summon Ice Beast         Ice/Summ       32%          10%         4
 Vampiric Draining        Necr           3%           22%         3
 Animate Dead             Necr           3%           58%         4
 Agony                    Necr           7%           91%         5


Dungeon Overview and Level Annotations

Branches:
Dungeon (11/15)            Temple (1/1) D:5            Lair (6/6) D:11
 Shoals (0/4) Lair:4       Spider (0/4) Lair:2        Slime (0/5) Lair:6
    Orc (0/2) D:9           Sewer (visited)

Altars:
Ashenzari
Cheibriados
Dithmenos
Elyvilon
Fedhas
Gozag
Hepliaklqana
Kikubaaqudgha
Makhleb
Nemelex Xobeh
Okawaru
Qazlal
Ru
Sif Muna
Trog
Uskayaw
Vehumet
Wu Jian
Xom
Yredelemnul
Zin
The Shining One
Jiyva

Shops:
D:10 *   D:11 !


Innate Abilities, Weirdness & Mutations

You can breathe blasts of scalding, opaque steam.
Your pale cyan-grey scales are hard. (AC +8)
You cannot fit into any form of body armour.
You are cold-blooded and may be slowed by cold attacks.


Message History

The vampire mosquito bites you but does no damage. x2
You slice the vampire mosquito!!
Your tail-slap misses the vampire mosquito.
The vampire mosquito is severely damaged.
The vampire mosquito barely misses you.
You slash the vampire mosquito!
You destroy the vampire mosquito!
No target in view!
No target in view!
HP restored.
You now have 3532 gold pieces (gained 5).
You open the door.
Found a viscous altar of Jiyva.
Found a staircase to the Slime Pits.
There is an open door here.
There is a viscous altar of Jiyva here.
There is an open door here.
Done exploring.
Done exploring.
Done exploring.
Are you sure you want to abandon this character and quit the game? (Confirm with "yes".)

##.........##.....#
#.#................
##.................
#.................
##..#......##.....
###.......###...P
##.....####....
####.....#.##.....
#@#......#####....
##.......# #....
###.#.### ##.##
##### ###


There were no monsters in sight!

Vanquished Creatures
  Snorg (Lair:5)
  Fannar (D:11)
  11 hydras
  2 catoblepae
  A queen ant (D:9)
  3 centaur warriors (D:11)
  3 two-headed ogres
  A tengu warrior (D:11)
  An unseen horror (D:8)
  A lindwurm (Lair:4)
  An orc knight (D:11)
  The ghost of doot the Thaumaturge, a novice DECj of Sif Muna (D:8)
  A cyclops (D:11)
  3 merfolk sirens (Lair:4)
  A moth of wrath (D:8)
  4 elephants (Lair:4)
  2 gargoyles
  5 black mambas
  5 rime drakes
  24 cane toads
  A torpor snail (Lair:6)
  14 komodo dragons
  A tengu conjurer (D:11)
  2 polar bears
  A merfolk (Lair:4)
  Grinder (D:6)
  22 blink frogs
  4 tyrant leeches (Lair:6)
  5 dream sheep (Lair:6)
  9 wyverns
  21 yaks
  3 basilisks (Lair:6)
  6 vampire mosquitoes (Lair:6)
  9 water moccasins
  8 soldier ants (D:9)
  Duvessa (D:6)
  3 sky beasts
  A swamp drake (D:9)
  4 black bears
  3 ice beasts
  17 orc warriors
  4 phantoms
  17 wolves
  8 ogres
  4 centaurs
  2 big kobolds
  26 bullfrogs
  4 gnoll sergeants
  Dowan (D:6)
  3 scorpions
  13 killer bees
  12 wights
  3 electric eels (Lair:6)
  A quasit (D:10)
  A centaur zombie (D:8)
  5 hounds
  A jelly (D:8)
  5 orc priests
  4 bullfrog skeletons
  2 centaur skeletons
  3 gnoll shamans (D:8)
  3 iguanas
  13 orc wizards
  25 worker ants
  6 hell rats
  2 hound skeletons
  A howler monkey zombie (D:8)
  2 worker ant zombies (D:6)
  A howler monkey skeleton (D:4)
  24 gnolls
  15 adders
  7 river rats (Sewer)
  A shadow imp (D:8)
  5 white imps
  An ufetubus (D:6)
  An ooze (Sewer)
  3 adder zombies
  An adder skeleton (D:5)
  2 worms
  2 dart slugs
  5 leopard geckos
  37 orcs
  6 ball pythons
  3 giant cockroaches
  8 goblins
  14 hobgoblins
  11 jackals
  28 kobolds
  6 quokkas
  7 bats
  5 frilled lizards
  A quokka zombie (D:7)
  20 rats
593 creatures vanquished.

Vanquished Creatures (others)
  An ogre (D:9)
  A gnoll (D:8)
  A bush (Lair:6)
  38 fungi
  134 plants
175 creatures vanquished.

Grand Total: 768 creatures vanquished

Notes
Turn   | Place    | Note
-------+----------+-------------------------------------------
     0 | D:1      | Amaterasu the Draconian Ice Elementalist began the quest
                  | for the Orb.
     0 | D:1      | Reached XP level 1. HP: 14/14 MP: 3/3
   394 | D:1      | Reached XP level 2. HP: 22/22 MP: 1/5
  1251 | D:2      | Found a hide-covered altar of Uskayaw.
  1339 | D:2      | Reached skill level 1 in Fighting
  1339 | D:2      | Reached XP level 3. HP: 26/28 MP: 6/6
  1343 | D:2      | Learned a level 3 spell: Frozen Ramparts
  1452 | D:2      | Learned a level 3 spell: Ozocubu's Armour
  2523 | D:3      | Reached XP level 4. HP: 29/35 MP: 8/8
  3046 | D:4      | Reached skill level 5 in Ice Magic
  3057 | D:4      | Reached XP level 5. HP: 33/41 MP: 3/9
  3338 | D:4      | Noticed a phantom
  3360 | D:4      | Killed a phantom
  3361 | D:4      | Reached XP level 6. HP: 42/50 MP: 2/10
  3735 | D:4      | Found an iron altar of Okawaru.
  3881 | D:5      | Entered Level 5 of the Dungeon
  3926 | D:5      | Found a glowing drain.
  3935 | Sewer    | Entered a sewer
  4151 | Sewer    | Your scales start taking on a pale cyan-grey colour.
  4151 | Sewer    | Reached XP level 7. HP: 51/57 MP: 7/11
  4956 | D:5      | Found a staircase to the Ecumenical Temple.
  4965 | Temple   | Entered the Ecumenical Temple
  4982 | Temple   | Became a worshipper of Gozag Ym Sagoz the Greedy
  5694 | D:5      | Found a shadowy altar of Dithmenos.
  5727 | D:5      | Found a sacrificial altar of Ru.
  5937 | D:6      | Noticed Duvessa
  5937 | D:6      | Noticed Dowan
  6209 | D:6      | Reached XP level 8. HP: 47/66 MP: 9/12
  6346 | D:6      | Reached skill level 1 in Unarmed Combat
  6349 | D:6      | Killed Dowan
  6357 | D:6      | Killed Duvessa
  6620 | D:6      | Noticed a gargoyle
  6621 | D:6      | Noticed Grinder
  6627 | D:6      | Found a shimmering blue altar of Sif Muna.
  6713 | D:6      | Found an ancient bone altar of Kikubaaqudgha.
  6713 | D:6      | Found a radiant altar of Vehumet.
  6718 | D:6      | Identified Vehumet's Catalogue of Battle Magic
  6767 | D:6      | Killed a gargoyle
  6768 | D:6      | Reached skill level 5 in Fighting
  6861 | D:6      | Paralysed by Grinder for 2 turns
  6874 | D:6      | Paralysed by Grinder for 3 turns
  6880 | D:6      | Killed Grinder
  7052 | D:6      | Reached XP level 9. HP: 74/74 MP: 12/15
  7409 | D:7      | Found a sacrificial altar of Ru.
  7627 | D:7      | Reached skill level 5 in Spellcasting
  7628 | D:7      | Reached skill level 1 in Shields
  7631 | D:7      | Reached skill level 1 in Evocations
  7883 | D:7      | Found an ancient bone altar of Kikubaaqudgha.
  8098 | D:8      | Found an opulent altar of Gozag.
  8200 | D:8      | Killed an unseen horror
  8201 | D:8      | Reached skill level 10 in Ice Magic
  8506 | D:8      | Reached skill level 5 in Unarmed Combat
  8605 | D:8      | Reached XP level 10. HP: 81/84 MP: 13/17
  8623 | D:8      | Noticed a two-headed ogre
  8630 | D:8      | Killed a two-headed ogre
  8761 | D:8      | Found a transporter.
  8803 | D:8      | Noticed doot's ghost (novice DECj)
  8839 | D:8      | Found a stormy altar of Qazlal.
  8946 | D:8      | Found a transporter.
  9371 | D:8      | Noticed a moth of wrath
  9538 | D:8      | Killed a moth of wrath
  9547 | D:8      | Killed doot's ghost
  9637 | D:9      | Reached skill level 5 in Dodging
 10066 | D:9      | Noticed a queen ant
 10075 | D:9      | Reached XP level 11. HP: 86/95 MP: 12/18
 10083 | D:9      | Reached skill level 5 in Shields
 10120 | D:9      | Killed a queen ant
 10196 | D:9      | Reached skill level 5 in Evocations
 10367 | D:9      | Noticed a two-headed ogre
 10626 | D:9      | Killed a two-headed ogre
 11303 | D:9      | Found a staircase to the Orcish Mines.
 11429 | D:9      | Found a basalt altar of Yredelemnul.
 11429 | D:9      | Found a glowing silver altar of Zin.
 11539 | D:10     | Entered Level 10 of the Dungeon
 12165 | D:10     | Found Yxtuedat's Assorted Antiques.
 12168 | D:10     | Bought the +9 sword of Zonguldrok {reap} for 2000 gold
                  | pieces
 12168 | D:10     | Found the +9 sword of Zonguldrok {reap}
 12245 | D:10     | Reached skill level 1 in Long Blades
 12414 | D:11     | Noticed Fannar
 12428 | D:11     | Killed Fannar
 12429 | D:11     | Reached skill level 3 in Long Blades
 12507 | D:11     | Reached skill level 4 in Long Blades
 12891 | D:11     | Found an iron altar of Okawaru.
 12891 | D:11     | Noticed an orc knight
 12891 | D:11     | Noticed a centaur warrior
 12969 | D:11     | Noticed a centaur warrior
 12979 | D:11     | Noticed a centaur warrior
 12987 | D:11     | Killed a centaur warrior
 12988 | D:11     | Reached skill level 5 in Long Blades
 12989 | D:11     | Killed a centaur warrior
 12990 | D:11     | Reached skill level 6 in Long Blades
 12990 | D:11     | Reached XP level 12. HP: 47/104 MP: 14/19
 13241 | D:11     | Killed a centaur warrior
 13242 | D:11     | Reached skill level 7 in Long Blades
 13342 | D:11     | Found a staircase to the Lair.
 13536 | D:11     | Found Deorul's Distillery.
 13539 | D:11     | Noticed a tengu warrior
 13541 | D:11     | Noticed a six-headed hydra
 13552 | D:11     | Killed a six-headed hydra
 13553 | D:11     | Reached skill level 8 in Long Blades
 13554 | D:11     | Killed a tengu warrior
 13761 | D:11     | Found a blossoming altar of Fedhas.
 13849 | D:11     | Noticed a two-headed ogre
 13855 | D:11     | Killed a two-headed ogre
 13856 | D:11     | Reached skill level 9 in Long Blades
 14325 | Lair:1   | Entered Level 1 of the Lair of Beasts
 14565 | Lair:1   | Noticed a catoblepas
 14573 | Lair:1   | Killed a catoblepas
 14574 | Lair:1   | Reached skill level 10 in Long Blades
 14750 | Lair:1   | Reached skill level 11 in Long Blades
 14796 | Lair:1   | Noticed a five-headed hydra
 14804 | Lair:1   | Killed a five-headed hydra
 15037 | Lair:1   | Noticed a six-headed hydra
 15046 | Lair:1   | Killed a six-headed hydra
 15528 | Lair:2   | Found a hole to the Spider Nest.
 15585 | Lair:2   | Reached XP level 13. HP: 102/111 MP: 20/20
 15672 | Lair:2   | Reached skill level 12 in Long Blades
 16463 | Lair:3   | Got a wavering lapis lazuli ring
 16804 | Lair:3   | Reached skill level 13 in Long Blades
 17346 | Lair:3   | Identified the ring "Trusted Companion" {Fire rElec rN+
                  | Int-3} (You found it on level 3 of the Lair of Beasts)
 17444 | Lair:4   | Found a staircase to the Shoals.
 17697 | Lair:4   | Reached skill level 14 in Long Blades
 18836 | Lair:5   | Noticed Snorg
 18849 | Lair:5   | Killed Snorg
 19425 | Lair:6   | Entered Level 6 of the Lair of Beasts
 19594 | Lair:6   | Reached skill level 15 in Long Blades
 19968 | Lair:6   | Reached XP level 14. HP: 100/118 MP: 21/21
 20396 | Lair:6   | Reached skill level 16 in Long Blades
 21144 | Lair:6   | Reached skill level 10 in Fighting
 21833 | Lair:6   | Found a viscous altar of Jiyva.
 21833 | Lair:6   | Found a staircase to the Slime Pits.
 21900 | Lair:6   | Quit the game

Illustrated notes

Levels and vault maps discovered:
D:1:      scummos_arrival_gate, layout_basic, minivault_27, minmay_hedge_maze
D:2:      layout_basic, eat_drink_and_be_merry_uskayaw
D:3:      layout_loops_ring
D:4:      layout_cave_pools, okawaru_altar_gauntlet_db
D:5:      layout_gridville, general_overflow_altar,
          minmay_temple_entry_nine_rooms, portal_sewer_entry_d,
          nicolae_dithmenos_the_darkroom
D:6:      layout_basic, grunt_temple_overflow_magic_moments,
          nicolae_zen_rock_garden, minmay_microvault, uniq_duvessa, uniq_grinder
D:7:      minmay_octagon_keep, layout_cave_pools, kennysheep_flooded_box,
          nicolae_ru_great_annihilating_truth
D:8:      layout_cave_pools, gammafunk_ghost_berserking_beasts,
          serial_gnoll_camp, gnoll_camp_mini_hut, gnoll_camp_huts_basic,
          gnoll_camp_mini_basic, gnoll_camp_mini_house,
          hangedman_feature_mirror, blue_anna_alchemist [blue_anna_fruit_fields,
          blue_anna_fruit_fields]
D:9:      minmay_recursive_quarters, layout_cave_pools,
          gammafunk_temple_overflow_wave, erik_orc_1, minivault_5,
          zaba_antful_of_joy
D:10:     layout_cross, serial_shops, kennysheep_mini_moat
D:11:     evilmike_iron_armoury, layout_loops_ring, david_lair_shrubbed,
          basic_altar, serial_shops, shop, uniq_fannar
Temple:   nicolae_temple_no_exploring_needed
Lair:1:   layout_loops_ring
Lair:2:   layout_chaotic_city, dummy_spider_entry, minivault_23, minivault_19,
          beast_lair_carwin_10, grunt_megastairs_2
Lair:3:   layout_cave_pods
Lair:4:   layout_regular_city, elwin_shoals_entry_stream,
          chequers_serial_rivers_marsh, beast_lair_carwin_9, grunt_megastairs_3,
          infiniplex_staircase_pool_2
Lair:5:   layout_roguey, chequers_serial_rivers_marsh,
          chequers_serial_rivers_large_b, eino_small_chamber_without_monster,
          grunt_megastairs_1, uniq_snorg
Lair:6:   minmay_lair_end_frog_pond, layout_small_grid,
          dpeg_slime_entry_enclosed_altar, special_room
          [special_room_mythical_zoo], serial_bayou_lake_a

Skill      XL: |  1  2  3  4  5  6  7  8  9 10 11 12 13 14 |
---------------+-------------------------------------------+-----
Fighting       | 1 2 3 4 5 6 8 9 10 | 10.2
Spellcasting   | 3 4 5 |  5.8
Ice Magic      | 5 6 8 9 10 | 10.0
Dodging        | 2 3 4 5 6 7 |  7.4
Unarmed Combat | 2 5 6 7 |  7.9
Shields        | 3 4 6 |  6.0
Evocations     | 3 4 5 6 |  6.4
Long Blades    | 6 11 15 16 | 16.0
Stealth        | |  1.7

Action                   |  1- 3 |  4- 6 |  7- 9 | 10-12 | 13-15 || total
-------------------------+-------+-------+-------+-------+-------++-------
Melee: Dagger            |    88 |       |       |       |       ||    88
       Unarmed           |     8 |       |       |   236 |       ||   244
       Tailslap          |    10 |     5 |    25 |    62 |    63 ||   165
       Short sword       |    21 |    77 |   227 |    56 |       ||   381
       Punch             |       |       |     1 |     1 |       ||     2
       Double sword      |       |       |       |   185 |   484 ||   669
 Cast: Freeze            |    24 |    11 |    15 |    40 |    22 ||   112
       Frozen Ramparts   |     4 |    13 |    34 |    49 |    23 ||   123
       Ozocubu's Armour  |       |       |     5 |    15 |     7 ||    27
 Abil: Breathe Steam     |       |       |     9 |     6 |     3 ||    18
Evoke: Wand              |       |       |       |    13 |       ||    13
       Tin of tremorston |       |       |       |     2 |       ||     2
  Use: Scroll            |    11 |     4 |     7 |     4 |     4 ||    30
       Potion            |       |       |     1 |     3 |       ||     4
 Stab: Sleeping          |     3 |     2 |     3 |     1 |       ||     9
       Paralysed         |       |       |     1 |       |       ||     1
       Distracted        |       |       |       |     3 |     4 ||     7
Armor: Skin              |    55 |    20 |   117 |   214 |   180 ||   586
Dodge: Dodged            |    84 |    62 |   202 |   279 |   325 ||   952
Block: Kite shield       |       |       |       |    93 |       ||    93
       Buckler           |       |       |       |    64 |   105 ||   169
       Rpst.: Double sword |       |       |       |    15 |    86 ||   101
